 Dungeon Crawl Stone Soup version 0.17-b1-36-g7b1967c (console) character file.

148 gw the Cudgeler (level 5, -6/46 HPs)
             Began as a Deep Dwarf Gladiator on Nov 7, 2015.
             Mangled by an orc
             ... wielding a +0 trident
              (7 damage)
             ... while paralysed
             ... on level 3 of the Dungeon.
             The game lasted 00:03:02 (1617 turns).

gw the Cudgeler (Deep Dwarf Gladiator)              Turns: 1617, Time: 00:03:02

Health: -6/46      AC:  4    Str: 19    XL:     5   Next: 8%
Magic:  3/3        EV:  2    Int:  8    God:
Gold:   59         SH:  0    Dex: 14    Spells: 0 memorised, 4 levels left

rFire  . . .     SeeInvis .     a - +0 flail
rCold  . . .     Clarity  .     b - +0 leather armour
rNeg   . . .     SustAt   .     (no shield)
rPois  .         Gourm    .     c - +0 helmet
rElec  .         Spirit   .     (no cloak)
rCorr  .         Warding  .     (no gloves)
rMut   .         Stasis   .     (no boots)
MR     .....                    (no amulet)
Stlth  +.........               (no ring)
                                (no ring)

@: paralysed, fainting, non-regenerating, not resistant to hostile enchantments,
very unstealthy
A: damage resistance, recharge devices, sense surroundings 1, slow regeneration
3
a: Device Recharging


You were on level 3 of the Dungeon.
You were fainting.

You visited 1 branch of the dungeon, and saw 3 of its levels.

You collected 59 gold pieces.

Inventory:

Hand Weapons
 a - a +0 flail (weapon)
Missiles
 d - 3 throwing nets
 g - 18 bolts
Armour
 b - a +0 leather armour (worn)
 c - a +0 helmet (worn)
Wands
 e - a wand of heal wounds (0)
Comestibles
 f - 3 bread rations


   Skills:
 + Level 2.5 Fighting
 * Level 4.7 Maces & Flails
 - Level 1.7 Throwing
 + Level 2.5 Armour
 - Level 3.2 Dodging


You had 4 spell levels left.
You didn't know any spells.

Dungeon Overview and Level Annotations

Branches:
Dungeon (3/15)

Altars:
Xom


Innate Abilities, Weirdness & Mutations

You are resistant to damage.
You can recharge devices by infusing magical energy.
You passively map a small area around you.
You do not regenerate naturally.


Message History

Unknown command.
Attempting RANGED ATTACK TO (0,-2); ATTACKING (0,-1)
You swing at nothing.
The orc misses you.
Unknown command.
Unknown command.
Unknown command.
Unknown command.
Attempting RANGED ATTACK TO (0,-2); ATTACKING (0,-1)
You swing at nothing.
The orc hits you from afar with a trident.
Unknown command.
Unknown command.
Unknown command.
Unknown command.
Attempting RANGED ATTACK TO (0,-2); ATTACKING (0,-1)
You swing at nothing.
You lose consciousness!
The orc hits you from afar with a trident.
The orc hits you from afar with a trident!
You die...

, , .........# , *
*#.....?<.#
.........# *
#.....%..##
#.....!...# ,
#.........#####.##
###.####.o.......#
#. ##)#####.## #,
#g# * ,, #)# * *
*#...# , , .s....#
* ####>... ##.## *
, .. * *, * #. , *
, #.


You could see an orc.

Table legend:
 A = Turns spent in this place as a percentage of turns spent in the entire game.
 B = Non-inter-level travel turns spent in this place as a percentage of non-inter-level travel turns spent in the entire game.
 C = Inter-level travel turns spent in this place as a percentage of turns spent in this place.
 D = Turns resting spent in this place as a percentage of non-inter-level travel turns spent in this place.
 E = Turns spent auto-exploring this place as a percentage of non-inter-level travel turns spent in this place.
 F = Non-inter-level travel turns spent in this place divided by the number of levels of this place that you've seen.
                   A       B       C       D       E      F
               +-------+-------+-------+-------+-------+----------------------
         Total | 100.0 | 100.0 |   0.1 |   0.0 |   1.5 | 1472.3
       Dungeon | 100.0 | 100.0 |   0.1 |   0.0 |   1.5 | 1472.3
               +-------+-------+-------+-------+-------+----------------------

Table legend:
 A = Kills in this place as a percentage of kills in entire the game.
 B = Kills by you in this place as a percentage of kills by you in the entire game.
 C = Kills by friends in this place as a percentage of kills by friends in the entire game.
 D = Other kills in this place as a percentage of other kills in the entire game.
 E = Experience gained in this place as a percentage of experience gained in the entire game.
 F = Experience gained in this place divided by the number of levels of this place that you have seen.
                   A       B       C       D       E      F
               +-------+-------+-------+-------+-------+----------------------
         Total | 100.0 | 100.0 |  -nan |  -nan | 100.0 |  70.7
       Dungeon | 100.0 | 100.0 |  -nan |  -nan | 100.0 |  70.7
               +-------+-------+-------+-------+-------+----------------------

Vanquished Creatures
  An orc wizard (D:3)
  An orc priest (D:3)
  4 adders
  An ooze (D:1)
  10 orcs (D:3)
  A ball python (D:2)
  5 bats
  2 giant cockroaches
  4 hobgoblins
  6 kobolds
  A giant gecko (D:1)
  3 giant newts
  3 goblins (D:1)
  2 rats (D:1)
44 creatures vanquished.

Notes
Turn   | Place    | Note
--------------------------------------------------------------
     0 | D:1      | gw the Deep Dwarf Gladiator began the quest for the Orb.
     0 | D:1      | Reached XP level 1. HP: 19/19 MP: 1/1
   168 | D:1      | Reached skill level 1 in Armour
   252 | D:1      | Reached XP level 2. HP: 19/26 MP: 2/2
   674 | D:2      | Found a shimmering altar of Xom.
   736 | D:2      | Reached XP level 3. HP: 22/32 MP: 3/3
   996 | D:2      | Reached skill level 4 in Maces & Flails
  1190 | D:3      | Reached XP level 4. HP: 24/39 MP: 4/4
  1265 | D:3      | Reached XP level 5. HP: 40/46 MP: 5/5
  1616 | D:3      | HP: 1/46 [orc/trident (5)]
  1617 | D:3      | Mangled by an orc

Action                   |  1- 3 |  4- 6 || total
-------------------------+-------+-------++-------
Melee: Flail             |    95 |    48 ||   143
 Abil: Device Recharging |       |     2 ||     2
Evoke: Wand              |       |    15 ||    15
  Eat: Chunk             |     1 |       ||     1

Vault maps used:
D:1:      wheals_arrival_linesprint, minmay_misc_feat_cross
D:2:      xom_butterflies, nrook_mini_backslash
D:3:      nicolae_dithmenos_shadow_blocks, grunt_qazlal_clouds,
          grunt_ministairs_10, minmay_misc_feat_pillars, uniq_terence
